 Dungeon Crawl Stone Soup version 0.29-a0-1027-gcd8c55af63 (webtiles) character file.

Game seed: 3161525052115280978

34 wilfster70 the Trooper (level 3, -4/33 HPs)
             Began as a Hill Orc Fighter on Aug 12, 2022.
             Slain by a gnoll
             ... wielding a +0 club
              (5 damage)
             ... on level 1 of the Dungeon.
             The game lasted 00:02:01 (1104 turns).

wilfster70 the Trooper (Hill Orc Fighter)           Turns: 1104, Time: 00:02:02

Health: -4/33      AC:  6    Str: 20    XL:     3   Next: 31%
Magic:  3/3        EV:  9    Int:  8    God:
Gold:   55         SH:  4    Dex: 10    Spells: 2/2 levels left

rFire   + . .      SeeInvis .   a - +0 war axe
rCold   + . .      Faith    .   c - +0 buckler
rNeg    . . .      Spirit   .   b - +0 scale mail
rPois   .          Reflect  .   (no helmet)
rElec   .          Harm     .   e - scarf {rC+ rF+}
rCorr   .          Rampage  .   (no gloves)
Will    .....                   (no boots)
Stlth   ..........              (no amulet)
HPRegen 0.11/turn               (no ring)
MPRegen 0.08/turn               (no ring)

@: no status effects
A: no striking features
a: no special abilities


You were on level 1 of the Dungeon.
You visited 1 branch of the dungeon, and saw 2 of its levels.

You collected 55 gold pieces.

Inventory:

Hand Weapons
 a - a +0 war axe (weapon)
Armour
 b - a +0 scale mail (worn)
 c - a +0 buckler (worn)
 e - a scarf of resistance (worn)
Scrolls
 g - a scroll of teleportation {unknown}
 r - a scroll of identify
Potions
 d - a potion of might
 f - a potion of curing


   Skills:
 + Level 4.0 Fighting
 * Level 3.7 Axes
 + Level 3.6 Armour
 + Level 3.6 Shields


You had 2 spell levels left.
You didn't know any spells.
Your spell library was empty.

Dungeon Overview and Level Annotations

Branches:
Dungeon (2/15)

Altars:


Message History

You hit the gnoll.
The gnoll is lightly wounded.
The gnoll hits you with a +0 club.
You completely miss the gnoll.
The gnoll is lightly wounded.
The gnoll closely misses you. The gnoll hits you with a +0 club.
You hit the gnoll.
The gnoll is moderately wounded.
The gnoll barely misses you.
You barely miss the gnoll.
The gnoll is moderately wounded.
The gnoll closely misses you. The gnoll hits you with a +0 club.
You hit the gnoll.
The gnoll is heavily wounded.
You block the gnoll's attack.
You closely miss the gnoll.
The gnoll is heavily wounded.
The gnoll hits you with a +0 club.
* * * LOW HITPOINT WARNING * * *
You closely miss the gnoll.
The gnoll is heavily wounded.
You block the gnoll's attack. The gnoll hits you but does no damage.
You hit the gnoll but do no damage.
The gnoll is heavily wounded.
The gnoll barely misses you.
You hit the gnoll.
The gnoll is heavily wounded.
The gnoll hits you with a +0 club.
* * * LOW HITPOINT WARNING * * *
You feel better. The gnoll hits you with a +0 club.
You hit the gnoll.
The gnoll is almost dead.
The gnoll hits you with a +0 club.
* * * LOW HITPOINT WARNING * * *
The gnoll hits you with a +0 club.
* * * LOW HITPOINT WARNING * * *
You barely miss the gnoll.
The gnoll is almost dead.
The gnoll hits you with a +0 club.
You die...

...........# #...##............
.#.##..###.# #.#.##...........†
.#.##..# #.# #.#.#.#...#.#.#...
.#.##..# #.# #.##......#.#.#...
.#.##..# #.#####.#.......#.#.#.#.
.......# #....##.#...............
.......###.###.#.#....#.#...#..##
...###....## ##..#......#...####.
.########.# #g@#....###..##.#.#
..........## ##..#....)...##.####
##.#######.###.###..........##...
#.# ##......#..#....#....... #.#
##.###.#..##...#....#.. #.# #.#
#.#...#.........#. #.# #.#
#.....####.#.<.... #.# #.#
###.##...#........ ##.#########.#
#..##...........


You could see a gnoll.

Vanquished Creatures
  A dart slug (D:2)
  4 bats (D:1)
  4 endoplasms
  2 goblins (D:1)
  2 hobgoblins (D:1)
  4 jackals (D:1)
  A kobold (D:1)
  3 quokkas (D:1)
  A ball python (D:1)
  3 frilled lizards
  3 rats (D:1)
28 creatures vanquished.

Notes
Turn   | Place    | Note
-------+----------+-------------------------------------------
     0 | D:1      | wilfster70 the Hill Orc Fighter began the quest for the
                  | Orb.
     0 | D:1      | Reached XP level 1. HP: 19/19 MP: 1/1
    28 | D:1      | Reached XP level 2. HP: 17/27 MP: 2/2
   648 | D:1      | Reached XP level 3. HP: 32/33 MP: 3/3
   883 | D:1      | Reached skill level 4 in Fighting
  1103 | D:1      | HP: 1/33 [gnoll/+0 club (4)]
  1104 | D:1      | Slain by a gnoll

Illustrated notes

Levels and vault maps discovered:
D:1:      matt_arrival_debris, layout_loops_ring, grunt_decor_mini_mirrors
D:2:      layout_basic, amethyst_killhole, uniq_robin, uniq_sigmund

Skill      XL: |  1  2  3 |
---------------+----------+-----
Axes           | 3 |  3.7
Fighting       | 4 |  4.0
Armour         | |  3.6
Shields        | |  3.6

Action                   || total
-------------------------++-------
Melee: War axe           ||    91
  Use: Scroll            ||     2
       Potion            ||     1
Armor: Scale mail        ||    45
Dodge: Dodged            ||    53
Block: Buckler           ||    17

Table legend: (Time is in decaauts)
 A = Elapsed time spent in this place.
 B = Non-inter-level travel time spent in this place.
 C = Inter-level travel time spent in this place.
 D = Time resting spent in this place.
 E = Time spent auto-exploring this place.
 F = Levels seen in this place.
 G = Mean time per level.
                   A        B        C        D        E       F      G
               +--------+--------+--------+--------+--------+-----+--------+
         Total |   1138 |   1123 |     15 |    137 |    654 |   2 |  569.0 |
       Dungeon |   1138 |   1123 |     15 |    137 |    654 |   2 |  569.0 |
               +--------+--------+--------+--------+--------+-----+--------+

Top non-repeatable levels by time:
     D:1: 985 daAuts
     D:2: 152 daAuts
